SL
ROCKY MOUNTAIN NUGGETS @ PHILADELPHIA 1776 BC
06/19/2029
 
TOP OF THE 1ST
Rocky Mountain Nuggets batting - Pitching for Philadelphia 1776 BC : RHP George Frazier
Pitching: RHP George Frazier
Batting: RHB Luis Ríos 0-0: Ball
1-0: Ball
2-0: Called Strike
2-1: Ball
3-1: Swinging Strike
3-2: Fly out, F9 (Flyball, 9LSF)
Batting: RHB Wes Shannon 0-0: Foul Ball, location: 2F
0-1: Foul Ball, location: 2F
0-2: Ball
1-2: Ball
2-2: Ground out 6-3 (Groundball, 6)
Batting: RHB Iván Vega 0-0: Foul Ball, location: 2F
0-1: Ball
1-1: SINGLE (Groundball, 2L) (infield hit)
Pinch Runner at 1st Manuel Becerra:
Batting: LHB Javier Sánchez 0-0: Ball
1-0: 2-RUN HOME RUN (Flyball, 9LD), Distance : 363 ft
Batting: RHB Ludwig Kluge 0-0: Ball
1-0: Ball
2-0: SINGLE (Groundball, 56) (infield hit)
Batting: RHB Andrés Rodríguez 0-0: Called Strike
0-1: Ball
1-1: Foul Ball, location: 2F
1-2: Ball
Ludwig Kluge steals 2nd base
2-2: Ball
3-2: Base on Balls
Batting: RHB Travis Newsome 0-0: Swinging Strike
0-1: Ball
1-1: Ball
2-1: Ball
3-1: Called Strike
3-2: Fly out, F8 (Flyball, 8RD)
Top of the 1st over - 2 runs, 3 hits, 0 errors, 2 left on base; Rocky Mountain 2 - Philadelphia 1776 0
BOTTOM OF THE 1ST
Philadelphia 1776 BC batting - Pitching for Rocky Mountain Nuggets : RHP Elton Mobley
Pitching: RHP Elton Mobley
Now in LF: Manuel Becerra
Batting: LHB José Rodríguez 0-0: Called Strike
0-1: Ball
1-1: Ball
2-1: Ground out 5-3 (Groundball, 5)
Batting: LHB Tony Vega 0-0: Ball
1-0: Swinging Strike
1-1: Ball
2-1: Ground out U3 (Groundball, 3)
Batting: LHB Manoo Satyavrat 0-0: Ball
1-0: Ball
2-0: Called Strike
2-1: Called Strike
2-2: Ball
3-2: Foul Ball, location: 2F
3-2: Base on Balls
Batting: LHB Jeff Rutherford 0-0: Ball
Manoo Satyavrat steals 2nd base
1-0: Ground out 4-3 (Groundball, 4)
Bottom of the 1st over - 0 runs, 0 hits, 0 errors, 1 left on base; Rocky Mountain 2 - Philadelphia 1776 0
TOP OF THE 2ND
Rocky Mountain Nuggets batting - Pitching for Philadelphia 1776 BC : RHP George Frazier
Batting: RHB José Carlos Pérez 0-0: Foul Ball, location: 2F
0-1: Ball
1-1: Fly out, F8 (Flyball, 8RS)
Batting: RHB Anthony Johnston 0-0: Ball
1-0: DOUBLE (Flyball, 89D)
Batting: RHB Luis Ríos 0-0: Foul Ball, location: 2F
0-1: Foul Ball, location: 2F
0-2: Foul Ball, location: 2F
0-2: Ball
1-2: Ball
2-2: Ball
3-2: Ground out 1-3 (Groundball, 13S)
Anthony Johnston to third
Batting: RHB Wes Shannon 0-0: Called Strike
0-1: Ground out U3 (Groundball, 34)
Top of the 2nd over - 0 runs, 1 hit, 0 errors, 1 left on base; Rocky Mountain 2 - Philadelphia 1776 0
BOTTOM OF THE 2ND
Philadelphia 1776 BC batting - Pitching for Rocky Mountain Nuggets : RHP Elton Mobley
Batting: SHB Jesús Cabañe 0-0: Called Strike
0-1: Ball
1-1: Ground out 5-3 (Groundball, 56S)
Batting: SHB Sam Quint 0-0: Called Strike
0-1: SINGLE (Groundball, 34D)
Batting: RHB Fernando Rivera 0-0: Called Strike
0-1: Ball
1-1: Foul Ball, location: 2F
1-2: Ball
2-2: Ball
3-2: Fly out, F8 (Flyball, 8LS)
Batting: RHB Patrizio Vanali 0-0: Ball
1-0: Ground out 6-3 (Groundball, 56)
Bottom of the 2nd over - 0 runs, 1 hit, 0 errors, 1 left on base; Rocky Mountain 2 - Philadelphia 1776 0
TOP OF THE 3RD
Rocky Mountain Nuggets batting - Pitching for Philadelphia 1776 BC : RHP George Frazier
Batting: RHB Manuel Becerra 0-0: Ball
1-0: Ball
2-0: Ball
3-0: Called Strike
3-1: Base on Balls
Batting: LHB Javier Sánchez 0-0: Ball
1-0: SINGLE (Line Drive, 9S)
Manuel Becerra to second
Batting: RHB Ludwig Kluge 0-0: Ball
1-0: Ball
2-0: Called Strike
2-1: Foul Ball, location: 2F
2-2: Foul Ball, location: 2F
2-2: Foul Ball, location: 2F
2-2: Ball
3-2: Strikes out looking
Batting: RHB Andrés Rodríguez 0-0: Called Strike
0-1: Called Strike
0-2: Ball
1-2: Strikes out swinging
Batting: RHB Travis Newsome 0-0: Ball
1-0: Ball
2-0: Ball
3-0: Called Strike
3-1: 3-RUN HOME RUN (Flyball, 9LD), Distance : 353 ft
Batting: RHB José Carlos Pérez 0-0: Fly out, F8 (Flyball, 89S)
Top of the 3rd over - 3 runs, 2 hits, 0 errors, 0 left on base; Rocky Mountain 5 - Philadelphia 1776 0
BOTTOM OF THE 3RD
Philadelphia 1776 BC batting - Pitching for Rocky Mountain Nuggets : RHP Elton Mobley
Batting: RHB John Schnatter 0-0: Called Strike
0-1: Ball
1-1: SINGLE (Groundball, 4MD)
Batting: LHB José Rodríguez 0-0: Called Strike
0-1: Ball
1-1: Fielders Choice at 2nd, 6-4 (Groundball, 6)
Now at 2B: Pedro Longoria
Batting: LHB Tony Vega 0-0: Called Strike
0-1: Ball
1-1: Ball
2-1: DOUBLE (Line Drive, 9LD)
José Rodríguez to third
Runner from 3rd tries for Home, SAFE, no throw
Batting: LHB Manoo Satyavrat 0-0: Called Strike
0-1: Swinging Strike
0-2: SINGLE (Groundball, 4MD)
Tony Vega to third
Runner from 3rd tries for Home, throw and OUT!
Manoo Satyavrat to second
Batting: LHB Jeff Rutherford 0-0: Ball
1-0: DOUBLE (Line Drive, 89XD)
Manoo Satyavrat scores
Batting: SHB Jesús Cabañe 0-0: Foul Ball, location: 2F
0-1: SINGLE (Line Drive, 7S)
Jeff Rutherford to third
Batting: SHB Sam Quint 0-0: Called Strike
0-1: Ball
1-1: SINGLE (Groundball, 34D)
Jeff Rutherford scores
Jesús Cabañe to second
Runner from 2nd tries for 3rd, SAFE, no throw
Batting: RHB Fernando Rivera 0-0: Swinging Strike
0-1: Ball
1-1: Ground out 1-3 (Groundball, P)
Bottom of the 3rd over - 3 runs, 6 hits, 0 errors, 2 left on base; Rocky Mountain 5 - Philadelphia 1776 3
TOP OF THE 4TH
Rocky Mountain Nuggets batting - Pitching for Philadelphia 1776 BC : RHP George Frazier
Batting: RHB Anthony Johnston 0-0: Swinging Strike
0-1: Ball
1-1: Ball
2-1: Swinging Strike
2-2: Strikes out swinging
Batting: RHB Luis Ríos 0-0: Ball
1-0: Called Strike
1-1: Ball
2-1: Foul Ball, location: 2F
2-2: Ball
3-2: Fly out, F8 (Flyball, 8RS)
Batting: RHB Wes Shannon 0-0: Foul Ball, location: 2F
0-1: Called Strike
0-2: Strikes out swinging
Top of the 4th over - 0 runs, 0 hits, 0 errors, 0 left on base; Rocky Mountain 5 - Philadelphia 1776 3
BOTTOM OF THE 4TH
Philadelphia 1776 BC batting - Pitching for Rocky Mountain Nuggets : RHP Elton Mobley
Batting: RHB Patrizio Vanali 0-0: Fly out, F7 (Line Drive, 7)
Batting: RHB John Schnatter 0-0: Ball
1-0: Fly out, F9 (Flyball, 9LS)
Batting: LHB José Rodríguez 0-0: Called Strike
0-1: Ball
1-1: DOUBLE (Line Drive, 89D)
Batting: LHB Tony Vega 0-0: Foul Ball, location: 2F
0-1: Ball
1-1: Ball
2-1: Foul Ball, location: 2F
2-2: Foul Ball, location: 2F
2-2: Ball
3-2: Foul Ball, location: 2F
3-2: Ground out 4-3 (Groundball, 4D)
Bottom of the 4th over - 0 runs, 1 hit, 0 errors, 1 left on base; Rocky Mountain 5 - Philadelphia 1776 3
TOP OF THE 5TH
Rocky Mountain Nuggets batting - Pitching for Philadelphia 1776 BC : RHP George Frazier
Batting: RHB Manuel Becerra 0-0: Called Strike
0-1: Ball
1-1: Swinging Strike
1-2: Foul Ball, location: 2F
1-2: Strikes out swinging
Batting: LHB Javier Sánchez 0-0: Called Strike
0-1: Foul Ball, location: 2F
0-2: Strikes out looking
Batting: RHB Ludwig Kluge 0-0: Called Strike
0-1: Ball
1-1: Foul Ball, location: 2F
1-2: Ball
2-2: Foul Ball, location: 2F
2-2: Foul Ball, location: 2F
2-2: Strikes out swinging
Top of the 5th over - 0 runs, 0 hits, 0 errors, 0 left on base; Rocky Mountain 5 - Philadelphia 1776 3
BOTTOM OF THE 5TH
Philadelphia 1776 BC batting - Pitching for Rocky Mountain Nuggets : RHP Elton Mobley
Batting: LHB Manoo Satyavrat 0-0: Ball
1-0: Foul Ball, location: 2F
1-1: SOLO HOME RUN (Flyball, 7LD), Distance : 363 ft
Batting: LHB Jeff Rutherford 0-0: Ball
1-0: SINGLE (Line Drive, 6MD)
Batting: SHB Jesús Cabañe 0-0: Called Strike
0-1: Foul Ball, location: 2F
0-2: Hit by Pitch
Jeff Rutherford to second
Batting: SHB Sam Quint 0-0: Ball
1-0: Ball
2-0: Foul Ball, location: 2F
2-1: Ball
3-1: Fielders Choice at 2nd, 3-6 (Groundball, 3)
Jeff Rutherford to third
Batting: RHB Fernando Rivera 0-0: Ball
1-0: Called Strike
1-1: Grounds into double play, 6-4-3 (Groundball, 6)
Bottom of the 5th over - 1 run, 2 hits, 0 errors, 1 left on base; Rocky Mountain 5 - Philadelphia 1776 4
TOP OF THE 6TH
Rocky Mountain Nuggets batting - Pitching for Philadelphia 1776 BC : RHP George Frazier
Batting: RHB Andrés Rodríguez 0-0: Called Strike
0-1: Swinging Strike
0-2: Ball
1-2: Ball
2-2: Foul Ball, location: 2F
2-2: Ball
3-2: Base on Balls
Pitching: LHP Brian Brewer
Batting: RHB Pedro Longoria 0-0: Ball
1-0: Sac Bunt - play at first, batter OUT! 2-4
Andrés Rodríguez to second
Batting: RHB José Carlos Pérez 0-0: Called Strike
0-1: Ground out 5-3 (Groundball, 56)
Batting: RHB Anthony Johnston 0-0: Called Strike
0-1: Ball
1-1: Ball
2-1: DOUBLE (Line Drive, 9D)
Andrés Rodríguez scores
Batting: RHB Luis Ríos 0-0: Called Strike
0-1: Ball
1-1: Foul Ball, location: 2F
1-2: Foul Ball, location: 2F
1-2: Fly out, F8 (Flyball, 8RM)
Top of the 6th over - 1 run, 1 hit, 0 errors, 1 left on base; Rocky Mountain 6 - Philadelphia 1776 4
BOTTOM OF THE 6TH
Philadelphia 1776 BC batting - Pitching for Rocky Mountain Nuggets : RHP Elton Mobley
Batting: RHB Patrizio Vanali 0-0: SOLO HOME RUN (Flyball, 7LD), Distance : 364 ft
Batting: RHB John Schnatter 0-0: Ball
1-0: Called Strike
1-1: Ball
2-1: Called Strike
2-2: Ground out 5-3 (Groundball, 5S)
Batting: LHB José Rodríguez 0-0: Ball
1-0: Ball
2-0: Ground out 6-3 (Groundball, 6MD)
Batting: LHB Tony Vega 0-0: Called Strike
0-1: Ground out 6-3 (Groundball, 56)
Bottom of the 6th over - 1 run, 1 hit, 0 errors, 0 left on base; Rocky Mountain 6 - Philadelphia 1776 5
TOP OF THE 7TH
Rocky Mountain Nuggets batting - Pitching for Philadelphia 1776 BC : LHP Brian Brewer
Pitching: LHP Raúl Melro
Batting: RHB Wes Shannon 0-0: SOLO HOME RUN (Flyball, 89XD), Distance : 418 ft
Batting: RHB Manuel Becerra 0-0: Ball
1-0: Called Strike
1-1: Ball
2-1: Foul Ball, location: 2F
2-2: Strikes out swinging
Batting: LHB Javier Sánchez 0-0: Called Strike
0-1: Ball
1-1: Swinging Strike
1-2: Foul Ball, location: 2F
1-2: Strikes out looking
Batting: RHB Ludwig Kluge 0-0: Called Strike
0-1: Ball
1-1: Swinging Strike
1-2: Ball
2-2: Strikes out looking
Top of the 7th over - 1 run, 1 hit, 0 errors, 0 left on base; Rocky Mountain 7 - Philadelphia 1776 5
BOTTOM OF THE 7TH
Philadelphia 1776 BC batting - Pitching for Rocky Mountain Nuggets : RHP Elton Mobley
Pitching: RHP Carlos Trevino
Batting: LHB Manoo Satyavrat 0-0: Called Strike
0-1: Called Strike
0-2: Ball
1-2: SINGLE (Flyball, 89S)
Batting: LHB Jeff Rutherford 0-0: Ball
1-0: Called Strike
1-1: Called Strike
1-2: Ball
2-2: Strikes out swinging
Batting: SHB Jesús Cabañe 0-0: Called Strike
0-1: Called Strike
0-2: Ball
1-2: Ball
2-2: SINGLE (Line Drive, 34D)
Manoo Satyavrat to second
Runner from 2nd tries for 3rd, SAFE, no throw
Batting: SHB Sam Quint 0-0: Ball
1-0: Ball
2-0: Foul Ball, location: 2F
2-1: Swinging Strike
2-2: Foul Ball, location: 2F
2-2: SINGLE (Line Drive, 89S)
Manoo Satyavrat scores
Jesús Cabañe to second
Runner from 2nd tries for 3rd, SAFE, throw made to third
Batting: RHB Fernando Rivera 0-0: Fly out, F3 (Popup, 13)
Batting: RHB Patrizio Vanali 0-0: Called Strike
0-1: Ball
1-1: Ball
2-1: SINGLE (Line Drive, 56D)
Jesús Cabañe scores
Sam Quint to second
Batting: RHB John Schnatter 0-0: Foul Ball, location: 2F
0-1: Ball
1-1: Ball
2-1: 3-RUN HOME RUN (Flyball, 7D), Distance : 371 ft
Pitching: RHP Cris Mendoza
Batting: LHB José Rodríguez 0-0: Called Strike
0-1: Foul Ball, location: 2F
0-2: Ground out 6-3 (Groundball, 6S)
Bottom of the 7th over - 5 runs, 5 hits, 0 errors, 0 left on base; Rocky Mountain 7 - Philadelphia 1776 10
TOP OF THE 8TH
Rocky Mountain Nuggets batting - Pitching for Philadelphia 1776 BC : LHP Raúl Melro
Batting: RHB Andrés Rodríguez 0-0: Ball
1-0: Ball
2-0: Ball
3-0: Base on Balls
Batting: RHB Pedro Longoria 0-0: Called Strike
0-1: Ball
1-1: Ball
2-1: Ball
3-1: Swinging Strike
3-2: Base on Balls
Andrés Rodríguez to second
Batting: RHB José Carlos Pérez 0-0: Ball
1-0: Called Strike
1-1: Ball
2-1: Called Strike
2-2: Strikes out looking
Batting: RHB Anthony Johnston 0-0: Grounds into double play, 6-4-3 (Groundball, 6)
Top of the 8th over - 0 runs, 0 hits, 0 errors, 1 left on base; Rocky Mountain 7 - Philadelphia 1776 10
BOTTOM OF THE 8TH
Philadelphia 1776 BC batting - Pitching for Rocky Mountain Nuggets : RHP Cris Mendoza
Batting: LHB Tony Vega 0-0: Called Strike
0-1: Ball
1-1: Ball
2-1: Ball
3-1: Base on Balls
Batting: LHB Manoo Satyavrat 0-0: Ball
1-0: Fielders Choice at 2nd, 6-4 (Groundball, 6)
Batting: LHB Jeff Rutherford 0-0: Ball
1-0: Called Strike
1-1: Ball
2-1: Swinging Strike
2-2: Strikes out swinging
Batting: SHB Jesús Cabañe 0-0: Ball
1-0: Called Strike
1-1: Ball
2-1: Ball
3-1: Fly out, F3 (Line Drive, 3)
Bottom of the 8th over - 0 runs, 0 hits, 0 errors, 1 left on base; Rocky Mountain 7 - Philadelphia 1776 10
TOP OF THE 9TH
Rocky Mountain Nuggets batting - Pitching for Philadelphia 1776 BC : LHP Raúl Melro
Batting: RHB Luis Ríos 0-0: Called Strike
0-1: SINGLE (Groundball, 4MD)
Batting: RHB Wes Shannon 0-0: Ball
Wild Pitch!
Luis Ríos to second
1-0: Ground out 6-3 (Groundball, 6)
Luis Ríos to third
Batting: RHB Manuel Becerra 0-0: Called Strike
0-1: Ball
1-1: Ball
2-1: Ball
3-1: Base on Balls
Batting: LHB Javier Sánchez 0-0: Ball
1-0: Ball
2-0: Ball
3-0: Called Strike
3-1: Called Strike
3-2: Base on Balls
Manuel Becerra to second
Batting: RHB Ludwig Kluge 0-0: Ball
1-0: Called Strike
1-1: Foul Ball, location: 2F
1-2: Ball
2-2: Foul Ball, location: 2F
2-2: Ball
3-2: Foul Ball, location: 2F
3-2: Base on Balls
Luis Ríos scores
Manuel Becerra to third
Javier Sánchez to second
Pitching: RHP Carlos Ramos
Batting: RHB Andrés Rodríguez 0-0: Ball
1-0: Ball
2-0: Ball
3-0: Called Strike
3-1: Swinging Strike
3-2: GRAND SLAM HOME RUN (Flyball, 7LD), Distance : 362 ft
Batting: RHB Pedro Longoria 0-0: Ball
1-0: Swinging Strike
1-1: Swinging Strike
1-2: Foul Ball, location: 2F
1-2: Strikes out looking
Batting: RHB José Carlos Pérez 0-0: Swinging Strike
0-1: Ball
1-1: Swinging Strike
1-2: Strikes out swinging
Top of the 9th over - 5 runs, 2 hits, 0 errors, 0 left on base; Rocky Mountain 12 - Philadelphia 1776 10
BOTTOM OF THE 9TH
Philadelphia 1776 BC batting - Pitching for Rocky Mountain Nuggets : RHP Cris Mendoza
Pitching: RHP Jorge Garza
Batting: SHB Sam Quint 0-0: Ball
1-0: Swinging Strike
1-1: Fly out, F5 (Popup, 5SF)
Batting: RHB Fernando Rivera 0-0: Ball
1-0: Swinging Strike
1-1: Swinging Strike
1-2: Ball
2-2: Ball
3-2: Strikes out swinging
Batting: RHB Patrizio Vanali 0-0: Called Strike
0-1: Ball
1-1: Ball
2-1: Fly out, F2 (Popup, 15S)
Bottom of the 9th over - 0 runs, 0 hits, 0 errors, 0 left on base; Rocky Mountain 12 - Philadelphia 1776 10
Tuesday, December 19th, 2017 - OOTP Baseball 18.8 Build 76